BSA
SAN FRANCISCO BANDITS @ EL DORADO OILERS
09/10/2029
 
TOP OF THE 1ST
San Francisco Bandits batting - Pitching for El Dorado Oilers : RHP Barton Johnson
Pitching: RHP Barton Johnson
Batting: RHB Javier Ramírez 0-0: Swinging Strike
0-1: Ball
1-1: Foul Ball, location: 2F
1-2: Ball
2-2: Foul Ball, location: 2F
2-2: Ball
3-2: Foul Ball, location: 2F
3-2: Hit by Pitch
Batting: LHB Mario García 0-0: Called Strike
0-1: Called Strike
0-2: Fielders Choice at 2nd, 4-6 (Groundball, 4)
Batting: RHB Owen Carter 0-0: Ball
1-0: Swinging Strike
1-1: Ball
2-1: Foul Ball, location: 2F
2-2: Foul Ball, location: 2F
2-2: Ball
3-2: Strikes out swinging
Mario García steals 2nd base
Batter strikes out.
Batting: LHB Chris Austin 0-0: Swinging Strike
0-1: Called Strike
0-2: Strikes out swinging
Top of the 1st over - 0 runs, 0 hits, 0 errors, 1 left on base; San Francisco 0 - El Dorado 0
BOTTOM OF THE 1ST
El Dorado Oilers batting - Pitching for San Francisco Bandits : LHP Octávio Pérez
Pitching: LHP Octávio Pérez
Batting: RHB Tony Hernández 0-0: Ball
1-0: Ball
2-0: Swinging Strike
2-1: SOLO HOME RUN (Flyball, 89XD), Distance : 386 ft
Batting: SHB Theron Harper 0-0: Ball
1-0: Ground out 4-3 (Groundball, 4S)
Batting: LHB José Hernández 0-0: Foul Ball, location: 2F
0-1: Swinging Strike
0-2: Fly out, F3 (Line Drive, 34S)
Batting: RHB Ernesto Acosta 0-0: Ball
1-0: Ball
2-0: Foul Ball, location: 2F
2-1: Fly out, F5 (Line Drive, 5)
Bottom of the 1st over - 1 run, 1 hit, 0 errors, 0 left on base; San Francisco 0 - El Dorado 1
TOP OF THE 2ND
San Francisco Bandits batting - Pitching for El Dorado Oilers : RHP Barton Johnson
Batting: RHB Michael Elliott 0-0: Ball
1-0: Called Strike
1-1: Ball
2-1: Ball
3-1: DOUBLE (Line Drive, 78M)
Batting: RHB Scott Merritt 0-0: Foul Ball, location: 2F
0-1: Ball
1-1: SINGLE (Groundball, 4D)
Michael Elliott to third
Runner from 3rd tries for Home, SAFE, no throw
Batting: LHB Alan McGilroy 0-0: Ball
1-0: Ball
2-0: Fly out, F9 (Flyball, 89M)
Batting: RHB Peter Bishop 0-0: Swinging Strike
0-1: Ball
1-1: Foul Ball, location: 2F
1-2: Fly out, F9 (Flyball, 9S)
Batting: SHB Terry Dailey 0-0: Ball
Scott Merritt steals 2nd base
1-0: Called Strike
1-1: Ball
2-1: Ball
3-1: TRIPLE (Flyball, 89XD)
Scott Merritt scores
Batting: RHB Javier Ramírez 0-0: Foul Ball, location: 2F
0-1: Swinging Strike
0-2: Strikes out swinging
Top of the 2nd over - 2 runs, 3 hits, 0 errors, 1 left on base; San Francisco 2 - El Dorado 1
BOTTOM OF THE 2ND
El Dorado Oilers batting - Pitching for San Francisco Bandits : LHP Octávio Pérez
Batting: RHB Juan Mendoza 0-0: Called Strike
0-1: Fly out, F7 (Flyball, 78M)
Batting: RHB Bob Johnson 0-0: DOUBLE (Line Drive, 89D)
Batting: LHB Chris Miller 0-0: Ground out 6-3 (Groundball, 6M)
Bob Johnson to third
Batting: RHB Sixto Vélez 0-0: Called Strike
0-1: Swinging Strike
0-2: Strikes out swinging
Bottom of the 2nd over - 0 runs, 1 hit, 0 errors, 1 left on base; San Francisco 2 - El Dorado 1
TOP OF THE 3RD
San Francisco Bandits batting - Pitching for El Dorado Oilers : RHP Barton Johnson
Batting: LHB Mario García 0-0: Ball
1-0: Called Strike
1-1: Ball
2-1: Ball
3-1: Foul Ball, location: 2F
3-2: Ground out U3 (Groundball, 34D)
Batting: RHB Owen Carter 0-0: Swinging Strike
0-1: Fly out, F3 (Popup, 23F)
Batting: LHB Chris Austin 0-0: Ball
1-0: Called Strike
1-1: Foul Ball, location: 2F
1-2: Ball
2-2: Strikes out swinging
Top of the 3rd over - 0 runs, 0 hits, 0 errors, 0 left on base; San Francisco 2 - El Dorado 1
BOTTOM OF THE 3RD
El Dorado Oilers batting - Pitching for San Francisco Bandits : LHP Octávio Pérez
Batting: RHB José Carlos Caraballo 0-0: Ground out 4-3 (Groundball, 4)
Batting: RHB Tony Hernández 0-0: Ground out 5-3 (Groundball, 56)
Batting: SHB Theron Harper 0-0: Swinging Strike
0-1: SINGLE (Groundball, 56) (infield hit)
Batting: LHB José Hernández 0-0: Ball
Theron Harper is caught stealing 2nd base
Bottom of the 3rd over - 0 runs, 1 hit, 0 errors, 0 left on base; San Francisco 2 - El Dorado 1
TOP OF THE 4TH
San Francisco Bandits batting - Pitching for El Dorado Oilers : RHP Barton Johnson
Batting: RHB Michael Elliott 0-0: Foul Ball, location: 2F
0-1: Swinging Strike
0-2: Ball
1-2: Strikes out looking
Batting: RHB Scott Merritt 0-0: Fly out, F6 (Line Drive, 6)
Batting: LHB Alan McGilroy 0-0: Swinging Strike
0-1: Ball
1-1: Foul Ball, location: 2F
1-2: Ball
2-2: Foul Ball, location: 2F
2-2: Ball
3-2: Base on Balls
Batting: RHB Peter Bishop 0-0: Called Strike
0-1: Ball
1-1: Fielders Choice at 2nd, 5-4 (Groundball, 5L)
Top of the 4th over - 0 runs, 0 hits, 0 errors, 1 left on base; San Francisco 2 - El Dorado 1
BOTTOM OF THE 4TH
El Dorado Oilers batting - Pitching for San Francisco Bandits : LHP Octávio Pérez
Batting: LHB José Hernández 0-0: Ball
1-0: Called Strike
1-1: Ground out 4-3 (Groundball, 4)
Batting: RHB Ernesto Acosta 0-0: Called Strike
0-1: Ball
1-1: Foul Ball, location: 2F
1-2: Strikes out swinging
Batting: RHB Juan Mendoza 0-0: Swinging Strike
0-1: Ball
1-1: Ground out 4-3 (Groundball, 4)
Bottom of the 4th over - 0 runs, 0 hits, 0 errors, 0 left on base; San Francisco 2 - El Dorado 1
TOP OF THE 5TH
San Francisco Bandits batting - Pitching for El Dorado Oilers : RHP Barton Johnson
Batting: SHB Terry Dailey 0-0: Ground out 4-3 (Groundball, 4)
Batting: RHB Javier Ramírez 0-0: Ball
1-0: Called Strike
1-1: Foul Ball, location: 2F
1-2: Ball
2-2: Foul Ball, location: 2F
2-2: Ball
3-2: Ground out 6-3 (Groundball, 6M)
Batting: LHB Mario García 0-0: Called Strike
0-1: Ball
1-1: Swinging Strike
1-2: Ball
2-2: Fly out, F9 (Flyball, 9S)
Top of the 5th over - 0 runs, 0 hits, 0 errors, 0 left on base; San Francisco 2 - El Dorado 1
BOTTOM OF THE 5TH
El Dorado Oilers batting - Pitching for San Francisco Bandits : LHP Octávio Pérez
Batting: RHB Bob Johnson 0-0: Ball
1-0: Called Strike
1-1: Reached on error, E3 (Groundball, 34S)
Batting: LHB Chris Miller 0-0: Swinging Strike
0-1: Ball
1-1: Swinging Strike
1-2: Strikes out swinging
Batting: RHB Sixto Vélez 0-0: Swinging Strike
0-1: Foul Ball, location: 2F
0-2: Ball
1-2: Ball
2-2: Hit by Pitch
Bob Johnson to second
Batting: RHB José Carlos Caraballo 0-0: Fly out, F9 (Flyball, 89D)
Runner from 2nd tags up, SAFE at 3rd, no throw
Batting: RHB Tony Hernández 0-0: Called Strike
0-1: Ball
1-1: Ground out 4-3 (Groundball, 4M)
Bottom of the 5th over - 0 runs, 0 hits, 1 error, 2 left on base; San Francisco 2 - El Dorado 1
TOP OF THE 6TH
San Francisco Bandits batting - Pitching for El Dorado Oilers : RHP Barton Johnson
Batting: RHB Owen Carter 0-0: Called Strike
0-1: Called Strike
0-2: Foul Ball, location: 2F
0-2: Reached on error, E5 (Groundball, 56S)
Batting: LHB Chris Austin 0-0: Swinging Strike
0-1: Fly out, F9 (Flyball, 9LS)
Batting: RHB Michael Elliott 0-0: Foul Ball, location: 2F
0-1: Ball
1-1: Ball
2-1: Fly out, F9 (Flyball, 89M)
Batting: RHB Scott Merritt 0-0: Fielders Choice at 2nd, 5-4 (Groundball, 5)
Top of the 6th over - 0 runs, 0 hits, 1 error, 1 left on base; San Francisco 2 - El Dorado 1
BOTTOM OF THE 6TH
El Dorado Oilers batting - Pitching for San Francisco Bandits : LHP Octávio Pérez
Batting: SHB Theron Harper 0-0: Bunt for hit - play at first, batter OUT! 1-3
Batting: LHB José Hernández 0-0: Ball
1-0: Ball
2-0: Swinging Strike
2-1: Ball
3-1: Base on Balls
Batting: RHB Ernesto Acosta 0-0: Ball
1-0: Ball
2-0: Called Strike
2-1: Ball
3-1: Base on Balls
José Hernández to second
Batting: RHB Juan Mendoza 0-0: Foul Ball, location: 2F
0-1: Swinging Strike
0-2: Strikes out swinging
Batting: RHB Bob Johnson 0-0: Ball
1-0: Ball
2-0: Ball
3-0: Base on Balls
José Hernández to third
Ernesto Acosta to second
Batting: LHB Chris Miller 0-0: Called Strike
0-1: Ball
1-1: Swinging Strike
1-2: Fly out, F8 (Flyball, 8LD)
Bottom of the 6th over - 0 runs, 0 hits, 0 errors, 3 left on base; San Francisco 2 - El Dorado 1
TOP OF THE 7TH
San Francisco Bandits batting - Pitching for El Dorado Oilers : RHP Barton Johnson
Batting: LHB Alan McGilroy 0-0: Ball
1-0: Swinging Strike
1-1: Ball
2-1: Fly out, F8 (Flyball, 8RD)
Batting: RHB Peter Bishop 0-0: Ball
1-0: Fly out, F6 (Popup, 6M)
Batting: SHB Terry Dailey 0-0: Called Strike
0-1: Ball
1-1: Ball
2-1: Foul Ball, location: 2F
2-2: Foul Ball, location: 2F
2-2: Foul Ball, location: 2F
2-2: Foul Ball, location: 2F
2-2: Strikes out swinging
Top of the 7th over - 0 runs, 0 hits, 0 errors, 0 left on base; San Francisco 2 - El Dorado 1
BOTTOM OF THE 7TH
El Dorado Oilers batting - Pitching for San Francisco Bandits : LHP Octávio Pérez
Batting: RHB Sixto Vélez 0-0: Ball
1-0: Ball
2-0: Called Strike
2-1: Fly out, F9 (Flyball, 89M)
Batting: RHB José Carlos Caraballo 0-0: Ball
1-0: Foul Ball, location: 2F
1-1: Ground out 1-3 (Groundball, 13)
Batting: RHB Tony Hernández 0-0: Called Strike
0-1: Ball
1-1: Ball
2-1: SINGLE (Groundball, 3) (infield hit)
Batting: SHB Theron Harper 0-0: Ball
1-0: Foul Ball, location: 2F
1-1: Called Strike
1-2: Foul Ball, location: 2F
1-2: SINGLE (Flyball, 7S)
Tony Hernández to second
Runner from 2nd tries for 3rd, SAFE, no throw
Batting: LHB José Hernández 0-0: Ball
1-0: Foul Ball, location: 2F
1-1: Ball
2-1: Ball
Wild Pitch!
Tony Hernández scores
Theron Harper to second
3-1: Foul Ball, location: 2F
3-2: Ground out 4-3 (Groundball, 4)
Bottom of the 7th over - 1 run, 2 hits, 0 errors, 1 left on base; San Francisco 2 - El Dorado 2
TOP OF THE 8TH
San Francisco Bandits batting - Pitching for El Dorado Oilers : RHP Barton Johnson
Pitching: RHP Rick Grant
Batting: RHB Javier Ramírez 0-0: Ball
1-0: Foul Ball, location: 2F
1-1: Ball
2-1: SINGLE (Groundball, 25) (infield hit)
Batting: LHB Mario García 0-0: Ball
Javier Ramírez steals 2nd base
1-0: Foul Ball, location: 2F
1-1: SINGLE (Line Drive, 8LS)
Javier Ramírez to third
Runner from 3rd tries for Home, SAFE, throw made home
Batting: RHB Owen Carter 0-0: Foul Ball, location: 2F
0-1: Called Strike
0-2: SINGLE (Groundball, 34D)
Mario García to second
Runner from 2nd tries for 3rd, SAFE, no throw
Batting: LHB Chris Austin 0-0: Ball
1-0: Called Strike
1-1: SINGLE (Groundball, 34D)
Mario García scores
Owen Carter to second
Runner from 2nd tries for 3rd, SAFE, no throw
Batting: RHB Michael Elliott 0-0: Ball
1-0: Foul Ball, location: 2F
1-1: Swinging Strike
1-2: Ball
2-2: Foul Ball, location: 2F
2-2: Ball
3-2: Base on Balls
Chris Austin to second
Batting: RHB Scott Merritt 0-0: Ball
1-0: Swinging Strike
1-1: Ball
2-1: Grounds into fielders choice 4-2 (Groundball, 4M)
Chris Austin to third
Michael Elliott to second
Batting: LHB Alan McGilroy 0-0: Swinging Strike
0-1: Ball
1-1: Foul Ball, location: 2F
1-2: Ball
2-2: Fly out, F8 (Flyball, 8LM)
Runner from 3rd tags up, SCORES, throw made
Pitching: RHP César López
Batting: RHB Peter Bishop 0-0: Ball
1-0: Ball
2-0: 3-RUN HOME RUN (Flyball, 78XD), Distance : 388 ft
Batting: SHB Terry Dailey 0-0: Ground out 5-3 (Groundball, 56)
Top of the 8th over - 6 runs, 5 hits, 0 errors, 0 left on base; San Francisco 8 - El Dorado 2
BOTTOM OF THE 8TH
El Dorado Oilers batting - Pitching for San Francisco Bandits : LHP Octávio Pérez
Pitching: RHP Miguel García
Batting: RHB Ernesto Acosta 0-0: Ball
1-0: Foul Ball, location: 2F
1-1: SINGLE (Groundball, 4MD)
Batting: RHB Juan Mendoza 0-0: Called Strike
0-1: 2-RUN HOME RUN (Flyball, 7D), Distance : 378 ft
Pitching: RHP Carlos Ledezma
Batting: RHB Bob Johnson 0-0: SINGLE (Groundball, 4MD)
Batting: LHB Chris Miller 0-0: Grounds into double play, 1-6-3 (Groundball, P)
Batting: RHB Sixto Vélez 0-0: Ground out 5-3 (Groundball, 56)
Bottom of the 8th over - 2 runs, 3 hits, 0 errors, 0 left on base; San Francisco 8 - El Dorado 4
TOP OF THE 9TH
San Francisco Bandits batting - Pitching for El Dorado Oilers : RHP César López
Batting: RHB Javier Ramírez 0-0: Called Strike
0-1: Foul Ball, location: 2F
0-2: Strikes out swinging
Batting: LHB Mario García 0-0: Called Strike
0-1: SOLO HOME RUN (Flyball, 9LD), Distance : 430 ft
Batting: RHB Owen Carter 0-0: Ball
1-0: Called Strike
1-1: Foul Ball, location: 2F
1-2: Strikes out swinging
Batting: LHB Chris Austin 0-0: Ball
1-0: Ball
2-0: Ball
3-0: Base on Balls
Batting: RHB Michael Elliott 0-0: Called Strike
0-1: Foul Ball, location: 2F
0-2: Ball
1-2: Foul Ball, location: 2F
1-2: Fly out, F3 (Line Drive, 3)
Top of the 9th over - 1 run, 1 hit, 0 errors, 1 left on base; San Francisco 9 - El Dorado 4
BOTTOM OF THE 9TH
El Dorado Oilers batting - Pitching for San Francisco Bandits : RHP Carlos Ledezma
Batting: RHB José Carlos Caraballo 0-0: Ball
1-0: Called Strike
1-1: Called Strike
1-2: SINGLE (Flyball, 8RS)
Batting: RHB Tony Hernández 0-0: Fly out, F8 (Flyball, 78XD)
Batting: SHB Theron Harper 0-0: SINGLE (Groundball, 5D)
José Carlos Caraballo to second
Batting: LHB José Hernández 0-0: Foul Ball, location: 2F
0-1: Swinging Strike
0-2: Ball
1-2: SINGLE (Groundball, 34D)
José Carlos Caraballo to third
Theron Harper to second
Pitching: RHP Kunihiko Daikawa
Batting: RHB Ernesto Acosta 0-0: Called Strike
0-1: Ball
1-1: Ball
2-1: Ball
3-1: Called Strike
3-2: Fly out, F9 (Flyball, 9S)
Batting: RHB Juan Mendoza 0-0: Called Strike
0-1: Ball
1-1: Foul Ball, location: 2F
1-2: Ball
2-2: Fly out, F3 (Popup, 3DF)
Bottom of the 9th over - 0 runs, 3 hits, 0 errors, 3 left on base; San Francisco 9 - El Dorado 4
Saturday, December 16th, 2017 - OOTP Baseball 18.8 Build 76